 Dungeon Crawl Stone Soup version 0.29-a0-214-g17f627cfee (webtiles) character file.

Game seed: 9118229823164454480

156972 dolemite99 the Quickloader (level 17, -13/135 HPs)
             Began as a Gnoll Hunter on Feb 25, 2022.
             Was a High Priest of Jiyva.
             Mangled by a spriggan berserker
             ... wielding a +0 rapier
              (27 damage)
             ... on level 2 of the Swamp.
             The game lasted 01:08:31 (34955 turns).

dolemite99 the Quickloader (Gnoll Hunter)          Turns: 34955, Time: 01:08:32

Health: -13/135    AC: 14    Str: 15    XL:     17   Next: 68%
Magic:  27/32      EV: 21    Int: 10    God:    Jiyva [*****.]
Gold:   431        SH:  8    Dex: 20    Spells: 9/39 levels left

rFire   + + .      SeeInvis +   b - +7 rapier "Lubb" {vamp, rCorr}
rCold   . . .      Faith    +   y - +0 buckler
rNeg    + . .      Spirit   .   g - +1 robe "Amaymuq" {rPois rN+}
rPois   +          Reflect  .   (helmet unavailable)
rElec   .          Harm     .   u - +2 cloak {rCorr}
rCorr   +          Rampage  .   (no gloves)
Will    ++...                   (boots unavailable)
Stlth   ++++++....              f - amulet of faith
HPRegen 1.76/turn               n - ring of the Tortoise {AC+8, =R}
MPRegen 0.68/turn               w - ring of protection from fire

@: forested, flying
A: fangs 1, strong nose, distributed training, antennae 3, claws 1, talons 3,
agile 1, fire resistance 1, strong-willed 1, eyeballs 1, pseudopods 2,
translucent skin 3
a: Renounce Religion, Oozemancy, Slimify


You were on level 2 of the Swamp.
You worshipped Jiyva.
Jiyva was extremely pleased with you.
You visited 5 branches of the dungeon, and saw 30 of its levels.

You collected 1675 gold pieces.
You spent 1244 gold pieces at shops.

Inventory:

Hand Weapons
 a - a +6 hand crossbow of flaming
 b - the +7 rapier "Lubb" (weapon) {vamp, rCorr}
   (You found it on level 9 of the Dungeon)

   It occasionally heals its wielder for a portion of the damage dealt when it
   wounds a living foe.
   rCorr:     It protects you from acid and corrosion.
 m - a +1 scimitar of draining
 r - a +3 scimitar of flaming
Missiles
 i - 15 boomerangs (quivered)
 l - 326 stones
 o - a javelin
 E - 6 poisoned darts
Armour
 g - the +1 robe "Amaymuq" (worn) {rPois rN+}
   (You found it on level 2 of the Lair of Beasts)

   rPois:     It protects you from poison.
   rN:        It protects you from negative energy.
 u - a +2 cloak of preservation (worn)
 y - a +0 buckler (worn)
 T - +0 acid dragon scales
Magical Staves
 d - a staff of conjuration
Jewellery
 f - an amulet of faith (around neck)
 h - a ring of fire
 n - the ring of the Tortoise (left claw) {AC+8, =R}
   (You found it on level 4 of the Dungeon)

   [ring of protection]

   AC:        It affects your AC (+8).
 p - a +6 ring of strength
 w - a ring of protection from fire (right claw)
 D - a ring of positive energy
 F - a ring of protection from cold
 H - a ring of positive energy
 N - a +6 ring of strength
 S - a ring of willpower
Wands
 t - a wand of polymorph (10)
 v - a wand of charming (8)
 z - a wand of iceblast (3)
 A - a wand of mindburst (8)
Scrolls
 K - a scroll of silence
 L - a scroll of amnesia
Potions
 c - 2 potions of flight
 e - a potion of brilliance
 j - 3 potions of curing
 k - a potion of might
 q - 3 potions of berserk rage
 s - a potion of attraction
 x - a potion of haste
 B - a potion of mutation
 I - a potion of ambrosia
Miscellaneous
 Q - a phantom mirror (inert)


   Skills:
 + Level 12.6 Fighting
 + Level 11.8 Short Blades
 + Level 11.8 Long Blades
 + Level 11.8 Axes
 + Level 11.8 Maces & Flails
 + Level 11.8 Polearms
 + Level 11.8 Staves
 + Level 11.8 Slings
 + Level 11.8 Bows
 + Level 14.3 Crossbows
 + Level 11.8 Throwing
 + Level 11.8 Armour
 + Level 12.6 Dodging
 + Level 12.1 Stealth
 + Level 11.8 Shields
 + Level 11.8 Unarmed Combat
 + Level 11.8 Spellcasting
 + Level 10.0 Conjurations
 + Level 10.0 Hexes
 + Level 10.0 Summonings
 + Level 10.0 Necromancy
 + Level 10.0 Translocations
 + Level 10.0 Transmutations
 + Level 10.0 Fire Magic
 + Level 10.0 Ice Magic
 + Level 10.0 Air Magic
 + Level 10.0 Earth Magic
 + Level 10.0 Poison Magic
 + Level 12.8 Invocations
 + Level 11.8 Evocations


You had 9 spell levels left.
You knew the following spells:

 Your Spells              Type           Power      Damage    Failure   Level
a - Petrify               Tmut/Erth      26%        N/A       2%          4
b - Summon Mana Viper     Hex/Summ       26%        N/A       6%          5
c - Summon Forest         Summ/Tloc      13%        N/A       6%          5
d - Leda's Liquefaction   Hex/Erth       13%        N/A       2%          4
e - Dispel Undead         Necr           26%        3d13      2%          4
f - Corpse Rot            Necr/Air       52%        N/A       1%          2
g - Passwall              Tmut/Erth      21%        N/A       1%          2
h - Animate Dead          Necr           13%        N/A       2%          4

Your spell library contained the following spells:

 Spells                   Type           Power      Damage    Failure   Level
 Sandblast                Erth           52%        2d12      1%          1
 Stone Arrow              Conj/Erth      52%        3d10      1%          3
 Animate Armour           Summ/Erth      52%        N/A       2%          4
 Lee's Rapid Deconstruct  Erth           13%        3d10*     6%          5
 Metabolic Englaciation   Hex/Ice        13%        N/A       6%          5
 Death Channel            Necr           13%        N/A       32%         6
 Eringya's Noxious Bog    Tmut/Pois      13%        N/A       32%         6
 Iron Shot                Conj/Erth      13%        9d3       32%         6
 Statue Form              Tmut/Erth      17%        N/A       32%         6
 Summon Cactus Giant      Summ           13%        N/A       32%         6
 Haunt                    Necr/Summ      13%        N/A       88%         7
 Summon Hydra             Summ           13%        N/A       88%         7
 Infestation              Necr           13%        N/A       100%        8


Dungeon Overview and Level Annotations

Branches:
Dungeon (15/15)            Temple (0/1) D:6            Lair (6/6) D:9
  Swamp (3/4) Lair:2       Spider (4/4) Lair:4        Slime (0/5) Lair:5
    Orc (2/2) D:11            Elf (0/3) Orc:2        Vaults (0/5) D:13
 Depths (0/4) D:15

Altars:
Cheibriados
Elyvilon
Fedhas
Kikubaaqudgha
Makhleb
Qazlal
Ru
Sif Muna
Jiyva

Shops:
D:2 :   D:8 (   D:9 ?[   Orc:1 !   Orc:2 *([=

Annotations:
Lair:1 exclusion: oklob plant, Zeldest's ghost, journeyman FoFi
Lair:4 exclusion: downstairs


Innate Abilities, Weirdness & Mutations

You have very sharp teeth.
Your uncanny sense of smell can sniff out nearby items.
Your experience applies equally to all skills.
You have a pair of large antennae on your head. (SInv)
You have sharp fingernails.
You have claws for feet.
You are agile. (Dex +2)
Your flesh is heat resistant. (rF+)
You are strong-willed. (Will+)
Your body has grown eyes which may confuse attackers. (Acc +3)
Armour fits poorly on your large pseudopods.
Your transparent skin significantly reduces your foes' accuracy. (Stealth+)


Message History

The foxfire dissipates!
A foxfire comes into view.
The foxfire dissipates!
A foxfire comes into view.
The spriggan berserker closely misses you.
The polar bear rages.
The polar bear is no longer berserk.
The foxfire dissipates!
The bunyip howls a warning cry!
You hear a roar!
You hear an angry squeal. x2; You hear a shout!
You block the spriggan berserker's attack.
The polar bear bites you but does no damage.
The polar bear closely misses you. You block the polar bear's attack.
The bunyip completely misses you. The bunyip barely misses you.
The bunyip misses you.
The eleionoma flows through the trees.
The spriggan berserker misses you. The eleionoma misses you.
You block the spriggan berserker's attack.
The eleionoma hurls a spray of splinters at you.
The spray of wooden splinters hits you!!
* * * LOW HITPOINT WARNING * * *
There is a stone staircase leading up here.
You block the spriggan berserker's attack.
The will-o-the-wisp gestures.
The will-o-the-wisp conjures some foxfire!
Your magical contamination has completely faded away.
You fly upwards.
The polar bear disappears in a puff of smoke!
There is a stone staircase leading down here.
You closely miss the spriggan berserker.
Your kick misses the spriggan berserker.
You bludgeon the spriggan berserker, but do no damage.
The spriggan berserker is lightly wounded.
The spriggan berserker misses you.
Casting: Summon Mana Viper (dangerous; 6% risk of failure)
Confirm with . or Enter, or press ? or * to list all spells.
A forested plane collides here with a resounding crunch!
Your dryad calls out to the forest.
The forest starts to sway and rumble!
The spriggan berserker hits you with a +0 rapier!!
You die...

♣≈.≈....≈≈.♣♣ ♣♣.....♣♣♣..≈≈≈..
♣♣.≈...≈≈≈.≈♣ ♣.♣♣♣♣♣♣≈≈≈≈≈≈.≈
♣..≈≈..≈J≈≈.♣♣♣♣♣♣ ♣♣♣.≈≈≈≈≈..
♣♣≈≈J♣♣≈≈≈≈§≈♣≈♣≈♣♣ ♣.≈≈≈≈≈≈≈≈≈
♣♣♣♣≈.≈♣♣.♣♣♣≈≈.....♣♣♣.≈≈§≈≈≈≈≈≈
♣≈..≈≈♣♣♣≈.....≈≈≈≈≈.♣♣≈≈≈≈≈≈≈≈≈≈
♣.≈≈.<≈♣♣..§≈≈.≈≈≈≈..♣♣♣≈≈≈≈≈≈≈≈≈
♣.≈≈≈.....≈≈≈.≈.≈≈≈≈..♣♣≈≈≈≈≈≈≈≈≈
♣♣♣≈..≈≈..≈≈.♣R≈@.≈§≈§....≈≈≈≈§≈.
♣♣≈.≈≈≈..♣...i..≈≈§≈.....≈≈≈≈..
♣≈≈≈≈≈.♣..≈≈♣♣......≈.♣♣≈≈≈...
♣♣≈≈≈≈≈≈..≈.♣♣≈≈≈..≈≈.♣....♣♣.
♣♣≈......♣♣♣♣...♣..≈♣≈≈≈..≈≈.
♣♣...≈.♣♣ ♣♣♣♣♣§≈♣♣.§≈≈.≈≈.
♣♣..≈≈♣ ♣≈.♣♣.....≈≈.♣♣♣≈ ♣♣♣♣♣♣
♣♣≈.≈♣ ♣♣..≈..≈...≈.♣♣♣♣ ♣..<.♣♣
♣♣♣♣♣ ♣≈≈.≈≈...≈≈≈.♣♣♣


You could see a spriggan berserker (berserk, regenerating, strong-willed, ally
target) and a friendly dryad (summoned).

Vanquished Creatures
  A thorn hunter (Swamp:2)
  A ghost moth (Spider:3)
  An orc warlord (Orc:2)
  A very ugly thing (D:15)
  An eleionoma (Swamp:3)
  Azrael (D:15)
  Snorg (D:13)
  2 bunyips
  A spark wasp (Spider:2)
  3 boulder beetles
  8 vault guards (D:13)
  A rakshasa (D:13)
  13 hydras
  2 jorogumos
  A spriggan air mage (Swamp:3)
  3 catoblepae
  2 death knights
  2 centaur warriors (D:15)
  5 alligators
  4 two-headed ogres
  2 orc high priests (Orc:2)
  Nergalle (D:12)
  2 pharaoh ants
  4 sun moths (Spider:3)
  4 skeletal warriors
  2 spriggan druids
  2 goliath frogs (Swamp:1)
  5 orb spiders
  A steelbarb worm (Spider:1)
  7 bog bodies
  2 wizards
  2 deep elf pyromancers
  4 orc knights
  2 oklob plants
  3 phantasmal warriors (D:15)
  4 manticores
  4 will-o-the-wisps
  3 cyclopes
  11 ugly things
  9 wolf spiders
  7 elephants
  2 moths of wrath
  6 black mambas
  10 cane toads
  4 gargoyles
  3 torpor snails
  An unseen horror (D:12)
  2 rime drakes (Lair:2)
  2 demonic crawlers (Spider:2)
  15 komodo dragons
  An efreet (D:14)
  A tengu conjurer (D:14)
  7 trolls
  3 polar bears (Lair:6)
  A polar bear (shapeshifter) (D:14)
  2 bloated husks
  8 hornets
  5 tyrant leeches
  A wind drake (shapeshifter) (D:14)
  4 meliai
  10 tarantellas
  3 blink frogs (Lair:3)
  8 dream sheep
  5 jumping spiders
  7 culicivoras
  17 spriggans
  2 shadows
  3 wraiths
  A vampire (D:12)
  7 wyverns
  6 basilisks
  36 yaks
  3 fire elementals (D:15)
  A hog (Swamp:3)
  Eustachio (D:5)
  27 redbacks
  2 steam dragons
  18 vampire mosquitoes
  4 wargs (Orc:2)
  4 acid dragons
  7 swamp worms
  9 water moccasins
  2 hell hounds (D:15)
  A swamp drake (Swamp:1)
  A nameless horror (Spider:1)
  25 orc warriors
  4 black bears
  3 boggarts (Lair:6)
  4 ogres
  19 wolves
  9 centaurs
  A phantom (D:5)
  A kobold brigand (D:10)
  10 bullfrogs
  7 scorpions
  A wyvern zombie (D:8)
  2 cane toad simulacra (Lair:4)
  A water moccasin skeleton (D:6)
  2 troll zombies (Swamp:3)
  32 killer bees
  3 howler monkeys
  An electric eel (Lair:2)
  A crimson imp (D:10)
  5 centaur zombies
  A hound (D:4)
  Crazy Yiuf (D:7)
  A gnoll shaman (D:10)
  16 orc priests
  4 centaur skeletons
  3 iron imps (D:8)
  Jessica (D:3)
  4 iguanas
  15 orc wizards
  A polar bear simulacrum (Lair:4)
  A hound zombie (D:5)
  A mummy (D:5)
  8 adders
  5 gnolls
  2 white imps (D:6)
  An ufetubus (D:6)
  4 worms
  3 dart slugs
  45 orcs
  3 ball pythons (D:1)
  A bat (D:1)
  4 endoplasms (D:1)
  5 giant cockroaches
  7 goblins
  3 hobgoblins
  A jackal (D:8)
  11 kobolds
  3 frilled lizards
  6 rats
690 creatures vanquished.

Vanquished Creatures (collateral kills)
  Donald (Swamp:1)
  A fenstrider witch (Swamp:2)
  Agnes (Spider:4)
  A broodmother (Spider:2)
  A bunyip (Swamp:1)
  Josephine (D:15)
  The ghost of Strewth the Slinger, a journeyman MiBe of Trog (D:10)
  A catoblepas (D:15)
  A hydra (Swamp:3)
  A radroach (Spider:3)
  The ghost of Alacron the Slinger, a journeyman FoHu of Gozag (D:8)
  3 alligators (Swamp:1)
  4 pharaoh ants
  A spriggan druid (Swamp:2)
  2 goliath frogs (Swamp:2)
  4 orb spiders
  2 steelbarb worms
  2 bog bodies (Swamp:1)
  An orc knight (Orc:2)
  An orc sorcerer (Orc:2)
  3 wolf spiders
  10 ugly things (D:15)
  2 will-o-the-wisps (Swamp:2)
  A moth of wrath (Spider:3)
  2 torpor snails
  A demonic crawler (Spider:3)
  A meliai (Spider:3)
  A bloated husk (Swamp:1)
  A tyrant leech (Swamp:3)
  10 tarantellas
  6 jumping spiders
  A spriggan (Swamp:2)
  6 culicivoras
  A ynoxinul (D:8)
  A wraith (D:15)
  16 redbacks
  2 vampire mosquitoes (Swamp:1)
  4 swamp worms
  An orc warrior (Orc:2)
  2 swamp drakes (Swamp:1)
  A boggart (Lair:6)
104 creatures vanquished.

Vanquished Creatures (others)
  An entropy weaver (Spider:4)
  A great orb of eyes (D:15)
  A tengu warrior (D:13)
  A bog body (Swamp:1)
  A wizard (D:14)
  A deep elf pyromancer (D:13)
  2 ugly things (D:15)
  A salamander (shapeshifter) (D:15)
  An elephant (Lair:2)
  A rime drake (Lair:2)
  2 bloated husks (Swamp:1)
  11 slime creatures
  A jumping spider (Spider:4)
  2 wraiths (D:15)
  A yak (Lair:2)
  A redback (Spider:2)
  2 hell hounds (D:15)
  A water moccasin (Lair:2)
  An orc warrior (D:7)
  A floating eye (shapeshifter) (D:13)
  A wolf (Lair:6)
  7 centaurs
  A kobold brigand (D:9)
  A scorpion (Lair:4)
  3 bullfrogs
  A water moccasin skeleton (D:7)
  7 killer bees
  235 jellies
  7 orc wizards
  2 gnolls (D:10)
  An adder (D:3)
  A white imp (D:5)
  A dart slug (D:2)
  7 endoplasms
  19 orcs
  A bat (D:3)
  2 goblins (D:4)
  4 hobgoblins
  7 kobolds
  A hobgoblin zombie (D:5)
  3 orc zombies (D:5)
  75 foxfires
  108 fungi
  99 plants
  14 snaplasher vines
642 creatures vanquished.

Grand Total: 1436 creatures vanquished

Notes
Turn   | Place    | Note
-------+----------+-------------------------------------------
     0 | D:1      | dolemite99 the Gnoll Hunter began the quest for the Orb.
     0 | D:1      | Reached XP level 1. HP: 20/20 MP: 1/1
   128 | D:1      | Reached XP level 2. HP: 26/26 MP: 2/2
   487 | D:1      | Reached XP level 3. HP: 31/31 MP: 3/3
   533 | D:1      | Found a faded altar of an unknown god.
   536 | D:1      | Prayed at the altar of an unknown god.
   536 | D:1      | Became a worshipper of Jiyva Jiocogg the Shapeless
   536 | D:1      | Reached * piety under Jiyva
   751 | D:2      | Reached skill level 1 in Short Blades
   751 | D:2      | Reached skill level 1 in Long Blades
   751 | D:2      | Reached skill level 1 in Axes
   751 | D:2      | Reached skill level 1 in Maces & Flails
   751 | D:2      | Reached skill level 1 in Polearms
   751 | D:2      | Reached skill level 1 in Staves
   751 | D:2      | Reached skill level 1 in Slings
   751 | D:2      | Reached skill level 1 in Bows
   751 | D:2      | Reached skill level 1 in Throwing
   751 | D:2      | Reached skill level 1 in Armour
   751 | D:2      | Reached skill level 1 in Shields
   751 | D:2      | Reached skill level 1 in Unarmed Combat
   751 | D:2      | Reached skill level 1 in Spellcasting
   751 | D:2      | Reached skill level 1 in Invocations
   751 | D:2      | Reached skill level 1 in Evocations
   751 | D:2      | Reached XP level 4. HP: 13/38 MP: 5/5
  1045 | D:2      | Reached ** piety under Jiyva
  1114 | D:2      | Found Bypsur Rymi's Book Shop.
  1500 | D:3      | Reached skill level 1 in Conjurations
  1500 | D:3      | Reached skill level 1 in Hexes
  1500 | D:3      | Reached skill level 1 in Summonings
  1500 | D:3      | Reached skill level 1 in Necromancy
  1500 | D:3      | Reached skill level 1 in Translocations
  1500 | D:3      | Reached skill level 1 in Transmutations
  1500 | D:3      | Reached skill level 1 in Fire Magic
  1500 | D:3      | Reached skill level 1 in Ice Magic
  1500 | D:3      | Reached skill level 1 in Air Magic
  1500 | D:3      | Reached skill level 1 in Earth Magic
  1500 | D:3      | Reached skill level 1 in Poison Magic
  1646 | D:3      | Noticed Jessica
  1650 | D:3      | Killed Jessica
  1651 | D:3      | Reached XP level 5. HP: 41/43 MP: 5/7
  1941 | D:4      | Reached *** piety under Jiyva
  2012 | D:4      | Reached XP level 6. HP: 50/50 MP: 8/8
  2163 | D:4      | Gained mutation: You expend magic power (3 MP) to
                  | strengthen your wands. [Jiyva's grace]
  2163 | D:4      | Gained mutation: Your flesh is cold resistant. (rC+)
                  | [Jiyva's grace]
  2163 | D:4      | Gained mutation: Your flesh is very cold resistant. (rC++)
                  | [Jiyva's grace]
  2163 | D:4      | Gained mutation: Your flesh is almost immune to the effects
                  | of cold. (rC+++) [Jiyva's grace]
  2289 | D:4      | Reached skill level 5 in Fighting
  2289 | D:4      | Reached skill level 5 in Dodging
  2332 | D:4      | Found the ring of the Tortoise {AC+8}
  2796 | D:5      | Entered Level 5 of the Dungeon
  2806 | D:5      | Reached XP level 7. HP: 53/56 MP: 10/10
  2831 | D:5      | Reached **** piety under Jiyva
  3020 | D:5      | Noticed Eustachio
  3036 | D:5      | Killed Eustachio
  3037 | D:5      | Reached skill level 9 in Crossbows
  3208 | D:5      | Noticed a wyvern
  3220 | D:5      | Killed a wyvern
  3221 | D:5      | Reached XP level 8. HP: 29/63 MP: 9/12
  3456 | D:5      | Found an ancient bone altar of Kikubaaqudgha.
  3585 | D:6      | Noticed a shadow
  3592 | D:5      | Killed a shadow
  4081 | D:6      | Found a staircase to the Ecumenical Temple.
  4320 | D:7      | Gained mutation: Your muscles are strong. (Str +2) [Jiyva's
                  | grace]
  4320 | D:7      | Gained mutation: Your muscles are very strong. (Str +4)
                  | [Jiyva's grace]
  4320 | D:7      | Gained mutation: You are somewhat resistant to further
                  | mutation. [Jiyva's grace]
  4320 | D:7      | Gained mutation: You are somewhat resistant to both further
                  | mutation and mutation removal. [Jiyva's grace]
  4348 | D:7      | Reached XP level 9. HP: 59/69 MP: 12/14
  4684 | D:7      | Found a runed translucent door.
  4685 | D:7      | Noticed Crazy Yiuf
  4692 | D:7      | Killed Crazy Yiuf
  4842 | D:7      | Noticed a komodo dragon
  5074 | D:8      | Found Nywuukh's Weapon Boutique.
  6209 | D:8      | Reached skill level 5 in Stealth
  6219 | D:8      | Found a sacrificial altar of Ru.
  6291 | D:8      | Noticed a hornet
  6296 | D:8      | Paralysed by a hornet for 3 turns
  6299 | D:8      | Killed a hornet
  6392 | D:8      | Found a burning altar of Makhleb.
  6408 | D:8      | Reached skill level 5 in Invocations
  6710 | D:8      | Noticed Alacron's ghost (journeyman FoHu)
  6732 | D:8      | Found a runed translucent door.
  6875 | D:8      | Reached XP level 10. HP: 77/77 MP: 17/17
  7090 | D:9      | Reached skill level 5 in Short Blades
  7090 | D:9      | Reached skill level 5 in Long Blades
  7090 | D:9      | Reached skill level 5 in Axes
  7090 | D:9      | Reached skill level 5 in Maces & Flails
  7090 | D:9      | Reached skill level 5 in Polearms
  7090 | D:9      | Reached skill level 5 in Staves
  7090 | D:9      | Reached skill level 5 in Slings
  7090 | D:9      | Reached skill level 5 in Bows
  7090 | D:9      | Reached skill level 5 in Throwing
  7090 | D:9      | Reached skill level 5 in Armour
  7090 | D:9      | Reached skill level 5 in Shields
  7090 | D:9      | Reached skill level 5 in Unarmed Combat
  7090 | D:9      | Reached skill level 5 in Spellcasting
  7090 | D:9      | Reached skill level 5 in Evocations
  7150 | D:9      | Reached skill level 10 in Crossbows
  7163 | D:9      | Found a staircase to the Lair.
  7247 | D:9      | Found Cheibriados's Comfort Zone.
  7247 | D:9      | Found a snail-covered altar of Cheibriados.
  8013 | D:9      | Found Cimahebb's Magic Scroll Boutique.
  8019 | D:9      | Identified the +7 rapier "Lubb" {vamp, rCorr}
  8034 | D:9      | Bought 3 scrolls of teleportation for 126 gold pieces
  8034 | D:9      | Bought a scroll of identify for 28 gold pieces
  8038 | D:9      | Bought a scroll of identify for 28 gold pieces
  8038 | D:9      | Bought a scroll of identify for 28 gold pieces
  8047 | D:9      | Learned a level 2 spell: Corpse Rot
  8052 | D:9      | Learned a level 4 spell: Leda's Liquefaction
  8195 | D:10     | Entered Level 10 of the Dungeon
  8235 | Lair:1   | Entered Level 1 of the Lair of Beasts
  8261 | Lair:1   | Noticed a six-headed hydra
  8279 | Lair:1   | Killed a six-headed hydra
  8487 | Lair:1   | Found a runed translucent door.
  8489 | Lair:1   | Noticed Zeldest's ghost (journeyman FoFi)
  8529 | Lair:1   | Gained mutation: Your flesh is heat resistant. (rF+)
                  | [Jiyva's grace]
  8529 | Lair:1   | Gained mutation: Your flesh is very heat resistant. (rF++)
                  | [Jiyva's grace]
  8529 | Lair:1   | Gained mutation: Your flesh is almost immune to the effects
                  | of heat. (rF+++) [Jiyva's grace]
  8529 | Lair:1   | Gained mutation: Your body has grown eyes which may confuse
                  | attackers. (Acc +3) [Jiyva's grace]
  8532 | Lair:1   | Noticed a cane toad
  8547 | Lair:1   | Killed a cane toad
  8548 | Lair:1   | Reached XP level 11. HP: 18/84 MP: 15/19
  8920 | Lair:1   | Noticed a four-headed hydra
  8920 | Lair:1   | Found the +1 robe of Vines {NoPotionHeal Regen++++}
  8930 | Lair:1   | Killed a four-headed hydra
  8931 | Lair:1   | Reached skill level 5 in Conjurations
  8931 | Lair:1   | Reached skill level 5 in Hexes
  8931 | Lair:1   | Reached skill level 5 in Summonings
  8931 | Lair:1   | Reached skill level 5 in Necromancy
  8931 | Lair:1   | Reached skill level 5 in Translocations
  8931 | Lair:1   | Reached skill level 5 in Transmutations
  8931 | Lair:1   | Reached skill level 5 in Fire Magic
  8931 | Lair:1   | Reached skill level 5 in Ice Magic
  8931 | Lair:1   | Reached skill level 5 in Air Magic
  8931 | Lair:1   | Reached skill level 5 in Earth Magic
  8931 | Lair:1   | Reached skill level 5 in Poison Magic
  8937 | Lair:1   | Noticed an oklob plant
  8949 | Lair:1   | Noticed an eight-headed hydra
  8955 | Lair:1   | Killed an eight-headed hydra
 10189 | Lair:2   | Noticed a five-headed hydra
 10207 | Lair:2   | Killed a five-headed hydra
 10273 | Lair:2   | Identified the +1 robe "Amaymuq" {rPois rN+}
 10529 | Lair:2   | Reached XP level 12. HP: 94/94 MP: 22/22
 10639 | Lair:2   | Noticed an eight-headed hydra
 10648 | Lair:2   | Killed an eight-headed hydra
 10649 | Lair:2   | Reached skill level 11 in Crossbows
 10869 | Lair:2   | Found a stormy altar of Qazlal.
 11249 | Lair:2   | Found a staircase to the Swamp.
 11339 | Lair:3   | Noticed a six-headed hydra
 11353 | Lair:3   | Killed a six-headed hydra
 11452 | Lair:3   | Learned a level 4 spell: Dispel Undead
 11695 | Lair:3   | Noticed a six-headed hydra
 11720 | Lair:3   | Killed a six-headed hydra
 12438 | Lair:4   | Lost mutation: Your flesh is almost immune to the effects
                  | of cold. (rC+++) [Jiyva's grace]
 12438 | Lair:4   | Lost mutation: Your flesh is almost immune to the effects
                  | of heat. (rF+++) [Jiyva's grace]
 12438 | Lair:4   | Lost mutation: Your muscles are very strong. (Str +4)
                  | [Jiyva's grace]
 12438 | Lair:4   | Lost mutation: Your body has grown eyes which may confuse
                  | attackers. (Acc +3) [Jiyva's grace]
 12438 | Lair:4   | Gained mutation: You are agile. (Dex +2) [Jiyva's grace]
 12438 | Lair:4   | Gained mutation: You are very agile. (Dex +4) [Jiyva's
                  | grace]
 12438 | Lair:4   | Gained mutation: Your melee attacks may engulf your foes in
                  | ooze. [Jiyva's grace]
 12438 | Lair:4   | Gained mutation: Your flesh is almost immune to the effects
                  | of heat. (rF+++) [Jiyva's grace]
 12668 | Lair:4   | Found a hole to the Spider Nest.
 12960 | Lair:4   | Found a frozen archway.
 13172 | Lair:4   | Reached XP level 13. HP: 94/101 MP: 21/24
 13809 | Lair:5   | Reached ***** piety under Jiyva
 13810 | Lair:5   | Lost mutation: Your flesh is almost immune to the effects
                  | of heat. (rF+++) [Jiyva's grace]
 13810 | Lair:5   | Lost mutation: Your muscles are strong. (Str +2) [Jiyva's
                  | grace]
 13810 | Lair:5   | Gained mutation: You have a small jelly attached to you
                  | that senses nearby items. [Jiyva's grace]
 13810 | Lair:5   | Gained mutation: You are strong-willed. (Will+) [Jiyva's
                  | grace]
 13810 | Lair:5   | Gained mutation: You are highly strong-willed. (Will++)
                  | [Jiyva's grace]
 13810 | Lair:5   | Gained mutation: You are extremely strong-willed. (Will+++)
                  | [Jiyva's grace]
 14045 | Lair:5   | Found a staircase to the Slime Pits.
 14651 | Lair:6   | Entered Level 6 of the Lair of Beasts
 14731 | Lair:6   | Lost mutation: You are extremely strong-willed. (Will+++)
                  | [Jiyva's grace]
 14731 | Lair:6   | Lost mutation: You are highly strong-willed. (Will++)
                  | [Jiyva's grace]
 14731 | Lair:6   | Lost mutation: You are somewhat resistant to both further
                  | mutation and mutation removal. [Jiyva's grace]
 14731 | Lair:6   | Gained mutation: Your body has grown eyes which may confuse
                  | attackers. (Acc +3) [Jiyva's grace]
 14731 | Lair:6   | Gained mutation: Your body has grown many eyes which may
                  | confuse attackers. (Acc +5) [Jiyva's grace]
 14731 | Lair:6   | Gained mutation: Your body is covered in eyes which may
                  | confuse attackers. (Acc +7, SInv) [Jiyva's grace]
 14731 | Lair:6   | Gained mutation: You are covered in fur. (AC +1) [Jiyva's
                  | grace]
 15011 | Lair:6   | Reached skill level 12 in Crossbows
 15264 | Lair:6   | Reached skill level 10 in Fighting
 15264 | Lair:6   | Reached skill level 10 in Dodging
 15364 | Lair:6   | Noticed Nessos
 15366 | Lair:6   | Noticed Nessos
 15366 | Lair:6   | Nessos changed into Nessos the moth of wrath
 15372 | Lair:6   | Killed Nessos the moth of wrath
 15373 | Lair:6   | Reached XP level 14. HP: 96/110 MP: 26/26
 15537 | Lair:6   | Identified the +1 robe of the Turtledove {rN+ Dex+4}
 15636 | Lair:6   | Found a stormy altar of Qazlal.
 15740 | Lair:6   | Reached ****** piety under Jiyva
 16720 | D:10     | Found a runed translucent gate.
 16720 | D:10     | Found a runed translucent gate.
 16722 | D:10     | Found a runed translucent gate.
 16723 | D:10     | Noticed Strewth's ghost (journeyman MiBe)
 16965 | D:10     | Found a blossoming altar of Fedhas.
 17066 | D:11     | Lost mutation: Your flesh is very cold resistant. (rC++)
                  | [Jiyva's grace]
 17066 | D:11     | Lost mutation: You are covered in fur. (AC +1) [Jiyva's
                  | grace]
 17066 | D:11     | Lost mutation: Your body is covered in eyes which may
                  | confuse attackers. (Acc +7, SInv) [Jiyva's grace]
 17066 | D:11     | Lost mutation: You expend magic power (3 MP) to strengthen
                  | your wands. [Jiyva's grace]
 17066 | D:11     | Gained mutation: Your translucent skin slightly reduces
                  | your foes' accuracy. (Stealth+) [Jiyva's grace]
 17066 | D:11     | Gained mutation: Your translucent skin reduces your foes'
                  | accuracy. (Stealth+) [Jiyva's grace]
 17066 | D:11     | Gained mutation: Your transparent skin significantly
                  | reduces your foes' accuracy. (Stealth+) [Jiyva's grace]
 17066 | D:11     | Gained mutation: You possess an exceptional clarity of
                  | mind. [Jiyva's grace]
 17092 | D:11     | Learned a level 4 spell: Petrify
 17172 | D:11     | Found a gate leading to a gauntlet.
 17583 | D:11     | Reached skill level 10 in Invocations
 17624 | D:11     | Found a white marble altar of Elyvilon.
 17887 | D:11     | Found a staircase to the Orcish Mines.
 18246 | D:12     | Identified the +6 scimitar of Prescription {vorpal, *Rage
                  | rC+ Int+6}
 18290 | D:12     | Noticed Nergalle
 18297 | D:12     | Killed Nergalle
 18515 | D:12     | Lost mutation: You are very agile. (Dex +4) [Jiyva's grace]
 18515 | D:12     | Lost mutation: You possess an exceptional clarity of mind.
                  | [Jiyva's grace]
 18515 | D:12     | Lost mutation: Your flesh is very heat resistant. (rF++)
                  | [Jiyva's grace]
 18515 | D:12     | Lost mutation: Your body has grown many eyes which may
                  | confuse attackers. (Acc +5) [Jiyva's grace]
 18515 | D:12     | Lost mutation: Your body has grown eyes which may confuse
                  | attackers. (Acc +3) [Jiyva's grace]
 18515 | D:12     | Gained mutation: You have sharp fingernails. [Jiyva's
                  | grace]
 18515 | D:12     | Gained mutation: You have very sharp fingernails. [Jiyva's
                  | grace]
 18515 | D:12     | Gained mutation: You have claws for hands. [Jiyva's grace]
 18515 | D:12     | Gained mutation: You are partially covered in large bone
                  | plates. (SH +4) [Jiyva's grace]
 18978 | Orc:1    | Entered Level 1 of the Orcish Mines
 18978 | Orc:1    | Found Qocuiteo's Distillery.
 18999 | Orc:2    | Entered Level 2 of the Orcish Mines
 19018 | Orc:2    | Learned a level 5 spell: Summon Forest
 19062 | Orc:2    | Noticed an orc warlord
 19075 | Orc:2    | Killed an orc warlord
 19112 | Orc:2    | Found Qoubb's Jewellery Shop.
 19946 | Orc:2    | Learned a level 5 spell: Summon Mana Viper
 20076 | Orc:2    | Reached skill level 10 in Stealth
 20082 | Orc:2    | Found Zikhleg's Antique Weapon Emporium.
 20248 | Orc:2    | Found Vongy's General Store.
 20256 | Orc:2    | Bought a scroll of brand weapon for 260 gold pieces
 20481 | Orc:2    | Found Nyheoxzi's Antique Armour Shop.
 20489 | Orc:2    | Bought a jewelled leather armour for 245 gold pieces
 20489 | Orc:2    | Identified the +1 leather armour of the Stag {Harm Rampage
                  | rF- Int+3} (You bought it in a shop on level 2 of the
                  | Orcish Mines)
 20497 | Orc:2    | Found a staircase to the Elven Halls.
 20683 | Orc:1    | Bought a potion of invisibility for 104 gold pieces
 20705 | Orc:2    | Bought a ring of willpower for 425 gold pieces
 21035 | D:13     | Lost mutation: You have claws for hands. [Jiyva's grace]
 21035 | D:13     | Lost mutation: You are partially covered in large bone
                  | plates. (SH +4) [Jiyva's grace]
 21035 | D:13     | Lost mutation: Your flesh is cold resistant. (rC+) [Jiyva's
                  | grace]
 21035 | D:13     | Lost mutation: You are somewhat resistant to further
                  | mutation. [Jiyva's grace]
 21035 | D:13     | Lost mutation: Your melee attacks may engulf your foes in
                  | ooze. [Jiyva's grace]
 21035 | D:13     | Gained mutation: You have hidden genetic potential.
                  | [Jiyva's grace]
 21035 | D:13     | Gained mutation: You have great hidden genetic potential.
                  | [Jiyva's grace]
 21035 | D:13     | Gained mutation: You have a pair of small antennae on your
                  | head. [Jiyva's grace]
 21035 | D:13     | Gained mutation: You have a pair of antennae on your head.
                  | [Jiyva's grace]
 21081 | D:13     | Reached XP level 15. HP: 78/117 MP: 26/28
 21322 | D:13     | Found a gate to the Vaults.
 21867 | D:14     | Found a shimmering blue altar of Sif Muna.
 22103 | D:14     | Reached skill level 10 in Short Blades
 22103 | D:14     | Reached skill level 10 in Long Blades
 22103 | D:14     | Reached skill level 10 in Axes
 22103 | D:14     | Reached skill level 10 in Maces & Flails
 22103 | D:14     | Reached skill level 10 in Polearms
 22103 | D:14     | Reached skill level 10 in Staves
 22103 | D:14     | Reached skill level 10 in Slings
 22103 | D:14     | Reached skill level 10 in Bows
 22103 | D:14     | Reached skill level 10 in Throwing
 22103 | D:14     | Reached skill level 10 in Armour
 22103 | D:14     | Reached skill level 10 in Shields
 22103 | D:14     | Reached skill level 10 in Unarmed Combat
 22103 | D:14     | Reached skill level 10 in Spellcasting
 22103 | D:14     | Reached skill level 10 in Evocations
 22417 | D:14     | Reached skill level 13 in Crossbows
 23344 | D:15     | Entered Level 15 of the Dungeon
 23657 | D:15     | Lost mutation: You have great hidden genetic potential.
                  | [Jiyva's grace]
 23657 | D:15     | Gained mutation: You are very agile. (Dex +4) [Jiyva's
                  | grace]
 23657 | D:15     | Gained mutation: Your body has grown eyes which may confuse
                  | attackers. (Acc +3) [Jiyva's grace]
 23657 | D:15     | Gained mutation: Your body has grown many eyes which may
                  | confuse attackers. (Acc +5) [Jiyva's grace]
 23657 | D:15     | Gained mutation: Your body is covered in eyes which may
                  | confuse attackers. (Acc +7, SInv) [Jiyva's grace]
 23940 | D:15     | Noticed Azrael
 23949 | D:15     | Noticed Josephine
 23950 | D:15     | Killed Azrael
 23968 | D:15     | Killed Josephine
 24502 | D:14     | Gained mutation: Your muscles are strong. (Str +2) [hidden
                  | potential]
 24980 | D:15     | Learned a level 2 spell: Passwall
 25006 | D:15     | Found a staircase to the Depths.
 25532 | D:13     | Noticed Snorg
 25543 | D:13     | Killed Snorg
 25700 | D:10     | Killed Strewth's ghost
 25701 | D:10     | Reached XP level 16. HP: 126/126 MP: 24/30
 25829 | D:8      | Killed Alacron's ghost
 25839 | D:8      | Got the Disquisition on Earth
 26156 | Spider:1 | Entered Level 1 of the Spider Nest
 27437 | Spider:2 | Lost mutation: You are very agile. (Dex +4) [Jiyva's grace]
 27437 | Spider:2 | Lost mutation: Your muscles are strong. (Str +2) [Jiyva's
                  | grace]
 27437 | Spider:2 | Lost mutation: Your body is covered in eyes which may
                  | confuse attackers. (Acc +7, SInv) [Jiyva's grace]
 27437 | Spider:2 | Lost mutation: You have a small jelly attached to you that
                  | senses nearby items. [Jiyva's grace]
 27437 | Spider:2 | Gained mutation: You have supernaturally acute eyesight.
                  | (SInv) [Jiyva's grace]
 27437 | Spider:2 | Gained mutation: Armour fits poorly on your pseudopods.
                  | [Jiyva's grace]
 27437 | Spider:2 | Gained mutation: Armour fits poorly on your large
                  | pseudopods. [Jiyva's grace]
 27437 | Spider:2 | Gained mutation: Armour fits poorly on your massive
                  | pseudopods. [Jiyva's grace]
 27846 | Spider:2 | Learned a level 4 spell: Animate Dead
 29868 | Spider:3 | Gained mutation: Your flesh is very heat resistant. (rF++)
                  | [hidden potential]
 29868 | Spider:3 | Lost mutation: You have hidden genetic potential. [hidden
                  | potential expressed]
 30178 | Spider:4 | Entered Level 4 of the Spider Nest
 31934 | Spider:4 | Noticed Agnes
 31952 | Spider:4 | Killed Agnes
 32286 | Spider:4 | Reached XP level 17. HP: 115/133 MP: 25/32
 32322 | Spider:4 | Reached skill level 14 in Crossbows
 32626 | Swamp:1  | Entered Level 1 of the Swamp
 32626 | Swamp:1  | Lost mutation: You have very sharp fingernails. [Jiyva's
                  | grace]
 32626 | Swamp:1  | Lost mutation: You have supernaturally acute eyesight.
                  | (SInv) [Jiyva's grace]
 32626 | Swamp:1  | Lost mutation: Your flesh is very heat resistant. (rF++)
                  | [Jiyva's grace]
 32626 | Swamp:1  | Lost mutation: Your body has grown many eyes which may
                  | confuse attackers. (Acc +5) [Jiyva's grace]
 32626 | Swamp:1  | Lost mutation: Armour fits poorly on your massive
                  | pseudopods. [Jiyva's grace]
 32626 | Swamp:1  | Gained mutation: You have a pair of large antennae on your
                  | head. (SInv) [Jiyva's grace]
 32626 | Swamp:1  | Gained mutation: You have sharp toenails. [Jiyva's grace]
 32626 | Swamp:1  | Gained mutation: You have razor-sharp toenails. [Jiyva's
                  | grace]
 32626 | Swamp:1  | Gained mutation: You have claws for feet. [Jiyva's grace]
 32780 | Swamp:1  | Noticed Donald
 32796 | Swamp:1  | Killed Donald
 34779 | Swamp:3  | Reached skill level 10 in Conjurations
 34779 | Swamp:3  | Reached skill level 10 in Hexes
 34779 | Swamp:3  | Reached skill level 10 in Summonings
 34779 | Swamp:3  | Reached skill level 10 in Necromancy
 34779 | Swamp:3  | Reached skill level 10 in Translocations
 34779 | Swamp:3  | Reached skill level 10 in Transmutations
 34779 | Swamp:3  | Reached skill level 10 in Fire Magic
 34779 | Swamp:3  | Reached skill level 10 in Ice Magic
 34779 | Swamp:3  | Reached skill level 10 in Air Magic
 34779 | Swamp:3  | Reached skill level 10 in Earth Magic
 34779 | Swamp:3  | Reached skill level 10 in Poison Magic
 34955 | Swamp:2  | Mangled by a spriggan berserker

Illustrated notes

Levels and vault maps discovered:
D:1:      scummos_arrival_gate, layout_basic,
          hellmonk_ecumenical_altar_inner_sanctum
D:2:      layout_loops_cross, serial_shops, nicolae_shop_statue_plus
D:3:      layout_loops_ring, serial_aquarium, aquarium_bridge_long_separate
          [aquarium_subvault_window, aquarium_subvault_balcony,
          aquarium_subvault_bridge, aquarium_subvault_wall,
          aquarium_subvault_bridge, aquarium_subvault_bridge],
          aquarium_bridge_island_small [aquarium_subvault_small_open,
          aquarium_subvault_bridge, aquarium_subvault_wall,
          aquarium_subvault_bridge, aquarium_subvault_wall], aquarium_window_2,
          aquarium_window_1, aquarium_window_1, aquarium_window_1,
          aquarium_view_2c, aquarium_view_2a, aquarium_balcony_1b, uniq_jessica
D:4:      layout_basic, hangedman_decor_diamond_cutter, minmay_pentangle
D:5:      layout_loops_ring, lemuel_round_altar, eino_curves_01,
          minmay_mini_ossuary, uniq_eustachio
D:6:      layout_loops_cross, minmay_temple_entry_proselytizer
D:7:      layout_loops_ring, uniq_crazy_yiuf_cottage
D:8:      layout_rooms, nicolae_ru_great_annihilating_truth, demons_altar,
          serial_shops, shop, hellmonk_ghost_big_iron
D:9:      wad_woods_minihive, layout_loops_ring, lair_entry_dummy, serial_shops,
          shop, minmay_shop_chei, dk_noncrumbling_4, hangedman_decor_growths
D:10:     layout_roguey, fedhas_altar_4, gammafunk_ghost_hydra_chop,
          lightli_wizard_tower
D:11:     cheibrodos_barr_body, layout_gridville, gauntlet_entry_generic,
          elyvilon_altar_3
D:12:     minmay_the_grid_square_5x5_3x3 [minmay_the_grid_square_5x5_bracketed,
          minmay_the_grid_square_5x5_inner_z,
          minmay_the_grid_square_5x5_n_small, minmay_the_grid_square_5x5_eight,
          minmay_the_grid_square_5x5_megaprize_hollow,
          minmay_the_grid_square_5x5_three_small,
          minmay_the_grid_square_5x5_tri_point,
          minmay_the_grid_square_5x5_half_checkered,
          minmay_the_grid_square_5x5_v], layout_loops_ring, uniq_nergalle
D:13:     layout_loops_corners, erik_vaults_2, amcnicky_mini_pool_small,
          uniq_snorg
D:14:     layout_loops_corners, nicolae_sif_muna_condensation, serial_rivers,
          chequers_serial_rivers_room_b, chequers_serial_rivers_micro_e,
          chequers_serial_rivers_micro_e, chequers_serial_rivers_micro_e,
          chequers_serial_rivers_micro_d
D:15:     gammafunk_enter_depths_forms, layout_irregular_city, serial_glass,
          glass_columns_a, glass_columns_b, st_stairs_3,
          minmay_misc_feat_plants, uniq_josephine, uniq_azrael
Lair:1:   layout_regular_city, ebering_ghost_inner_flame,
          hellmonk_guarded_unrand_vines, infiniplex_staircase_pool,
          serial_bayou_shore_b
Lair:2:   layout_regular_city, nicolae_swamp_entry_splash_gauntlet,
          lemuel_centaur_altar, serial_bayou_shore_b, grunt_megastairs_2
Lair:3:   layout_roguey, minivault_19, beast_lair_carwin_5, lemuel_fruit_fields
Lair:4:   layout_cave_pods, nicolae_spider_entry_non_spiders,
          portal_ice_cave_entry_ice_simulacra, grunt_megastairs_5
Lair:5:   layout_cave_pods, minmay_slime_entry_jelly_boxes,
          infiniplex_staircase_pool_2
Lair:6:   minmay_lair_end_enchanted_forest, layout_cave_pods, basic_altar,
          uniq_nessos
Swamp:1:  layout_basic_swamp, evilmike_swamp_ruin_house_3, swamp_pool3,
          nicolae_swamp_super_fun_site, uniq_donald
Swamp:2:  layout_basic_swamp, nicolae_swamp_oxbows, swamp_pool2
Swamp:3:  layout_basic_swamp, nicolae_swamp_godswood, swamp_pool3,
          cheibrodos_swamp_minitomb, uniq_kirke
Spider:1: layout_spider_delve
Spider:2: layout_spider_delve, nicolae_spider_bug_shape
Spider:3: layout_spider_delve, hangedman_spider_tarantella_strand
Spider:4: spider_rune_water, lemuel_hornet_nest, uniq_arachne, uniq_agnes
Orc:1:    layout_diamond_mine, serial_shops, shop, mines3_lemuel
Orc:2:    grunt_orc_gardens, layout_diamond_mine, grunt_orc_garden,
          grunt_orc_garden, grunt_orc_garden, grunt_orc_garden, special_room,
          nicolae_orc_sculptors_studio, hellmonk_bongcloud_opening

Skill      XL: |  1  2  3  4  5  6  7  8  9 10 11 12 13 14 15 16 17 |
---------------+----------------------------------------------------+-----
Short Blades   | 1 2 3 4 5 6 7 8 9 10 11 | 11.8
Long Blades    | 1 2 3 4 5 6 7 8 9 10 11 | 11.8
Axes           | 1 2 3 4 5 6 7 8 9 10 11 | 11.8
Maces & Flails | 1 2 3 4 5 6 7 8 9 10 11 | 11.8
Polearms       | 1 2 3 4 5 6 7 8 9 10 11 | 11.8
Staves         | 1 2 3 4 5 6 7 8 9 10 11 | 11.8
Slings         | 1 2 3 4 5 6 7 8 9 10 11 | 11.8
Bows           | 1 2 3 4 5 6 7 8 9 10 11 | 11.8
Throwing       | 1 2 3 4 5 6 7 8 9 10 11 | 11.8
Armour         | 1 2 3 4 5 6 7 8 9 10 11 | 11.8
Shields        | 1 2 3 4 5 6 7 8 9 10 11 | 11.8
Unarmed Combat | 1 2 3 4 5 6 7 8 9 10 11 | 11.8
Spellcasting   | 1 2 3 4 5 6 7 8 9 10 11 | 11.8
Invocations    | 1 2 3 4 5 6 7 8 9 10 11 12 | 12.8
Evocations     | 1 2 3 4 5 6 7 8 9 10 11 | 11.8
Conjurations   | 1 2 3 4 5 6 7 8 9 10 | 10.0
Hexes          | 1 2 3 4 5 6 7 8 9 10 | 10.0
Summonings     | 1 2 3 4 5 6 7 8 9 10 | 10.0
Necromancy     | 1 2 3 4 5 6 7 8 9 10 | 10.0
Translocations | 1 2 3 4 5 6 7 8 9 10 | 10.0
Transmutations | 1 2 3 4 5 6 7 8 9 10 | 10.0
Fire Magic     | 1 2 3 4 5 6 7 8 9 10 | 10.0
Ice Magic      | 1 2 3 4 5 6 7 8 9 10 | 10.0
Air Magic      | 1 2 3 4 5 6 7 8 9 10 | 10.0
Earth Magic    | 1 2 3 4 5 6 7 8 9 10 | 10.0
Poison Magic   | 1 2 3 4 5 6 7 8 9 10 | 10.0
Stealth        | 3 4 5 6 7 8 9 10 11 12 | 12.1
Fighting       | 5 6 7 8 9 10 11 12 | 12.6
Dodging        | 5 6 7 8 9 10 11 12 | 12.6
Crossbows      | 9 10 11 12 13 14 | 14.3

Action                   |  1- 3 |  4- 6 |  7- 9 | 10-12 | 13-15 | 16-18 || total
-------------------------+-------+-------+-------+-------+-------+-------++-------
Melee: Unarmed           |       |       |       |     1 |       |       ||     1
       Rapier            |       |       |       |   109 |   706 |   407 ||  1222
       Bite              |       |       |       |    14 |   124 |    68 ||   206
       Punch             |       |       |       |     8 |    20 |       ||    28
       Hand crossbow     |       |       |       |       |     5 |       ||     5
       Pseudopods        |       |       |       |       |       |    92 ||    92
       Kick              |       |       |       |       |       |    54 ||    54
 Fire: Hand crossbow     |    71 |   147 |   318 |   827 |   987 |   235 ||  2585
Throw: Boomerang         |       |       |       |       |       |    16 ||    16
 Cast: Leda's Liquefacti |       |       |       |    16 |    13 |     1 ||    30
       Corpse Rot        |       |       |       |     1 |     5 |     1 ||     7
       Petrify           |       |       |       |       |    15 |    22 ||    37
       Summon Forest     |       |       |       |       |     7 |    64 ||    71
       Summon Mana Viper |       |       |       |       |    10 |    83 ||    93
       Animate Dead      |       |       |       |       |       |    29 ||    29
       Passwall          |       |       |       |       |       |     1 ||     1
Invok: Oozemancy         |       |       |    10 |    11 |    27 |     3 ||    51
       Slimify           |       |       |       |       |       |     1 ||     1
Evoke: Wand              |       |       |       |       |     5 |    21 ||    26
       Phantom mirror    |       |       |       |       |     2 |     3 ||     5
  Use: Scroll            |       |       |     8 |    12 |    13 |     7 ||    40
       Potion            |       |       |       |     5 |     2 |     8 ||    15
 Stab: Confused          |       |       |       |       |    23 |    19 ||    42
       Petrified         |       |       |       |       |     3 |     5 ||     8
       Sleeping          |       |       |       |       |     3 |     3 ||     6
       Petrifying        |       |       |       |       |     2 |     1 ||     3
       Distracted        |       |       |       |       |     4 |     7 ||    11
       Invisible         |       |       |       |       |       |     1 ||     1
Armor: Leather armour    |     4 |     8 |    82 |    72 |       |       ||   166
       Troll leather arm |       |       |       |   123 |   268 |       ||   391
       Robe              |       |       |       |    36 |       |   101 ||   137
       Skin              |       |       |       |    21 |       |       ||    21
       Acid dragon scale |       |       |       |       |    63 |     6 ||    69
Dodge: Dodged            |    12 |    54 |   160 |   538 |   844 |   607 ||  2215
Block: Other             |       |       |       |    45 |       |       ||    45
       Buckler           |       |       |       |       |   272 |   256 ||   528

Table legend: (Time is in decaauts)
 A = Elapsed time spent in this place.
 B = Non-inter-level travel time spent in this place.
 C = Inter-level travel time spent in this place.
 D = Time resting spent in this place.
 E = Time spent auto-exploring this place.
 F = Levels seen in this place.
 G = Mean time per level.
                   A        B        C        D        E       F      G
               +--------+--------+--------+--------+--------+-----+--------+
         Total |  34860 |  32936 |   1924 |   7630 |  16637 |  30 | 1162.0 |
       Dungeon |  16180 |  15253 |    927 |   2870 |   8594 |  15 | 1078.7 |
          Lair |   8363 |   7918 |    445 |   1211 |   4559 |   6 | 1393.8 |
         Swamp |   2244 |   2178 |     66 |    446 |    981 |   3 |  748.0 |
   Spider Nest |   6339 |   5968 |    371 |   2930 |   1766 |   4 | 1584.8 |
  Orcish Mines |   1732 |   1619 |    113 |    172 |    736 |   2 |  866.0 |
               +--------+--------+--------+--------+--------+-----+--------+

Top non-repeatable levels by time:
Spider:3: 3309 daAuts
    D:14: 1890 daAuts
  Lair:1: 1870 daAuts
     D:7: 1812 daAuts
    D:15: 1705 daAuts
  Lair:2: 1694 daAuts
Spider:2: 1493 daAuts
     D:9: 1330 daAuts
  Lair:4: 1317 daAuts
  Lair:6: 1294 daAuts
    D:13: 1198 daAuts
  Lair:3: 1120 daAuts
  Lair:5: 1065 daAuts
     D:8: 1053 daAuts
 Swamp:2: 1033 daAuts
